 Dungeon Crawl Stone Soup version 0.30-a0-414-gcb316572d5 (webtiles) character file.

Game seed: 10789514911392420904

35567 qeuew the Cardsharp (level 13, -2/115 HPs)
             Began as a Hill Orc Fighter on Dec 7, 2022.
             Was a High Priest of Nemelex Xobeh.
             Killed from afar by a swamp worm (18 damage)
             ... with a harpoon shot
             ... on level 4 of the Lair of Beasts.
             The game lasted 00:27:41 (14315 turns).

qeuew the Cardsharp (Hill Orc Fighter)             Turns: 14315, Time: 00:27:42

Health: -2/115     AC: 18    Str: 22    XL:     13   Next: 84%
Magic:  24/24      EV: 10    Int:  8    God:    Nemelex Xobeh [*****.]
Gold:   1124       SH:  6    Dex: 12    Spells: 12/12 levels left

rFire   . . .      SeeInvis .    a - +1 war axe (flame)
rCold   + . .      Faith    .    c - +0 buckler
rNeg    . . .      Spirit   .    x - +3 chain mail
rPois   .          Reflect  .    (no helmet)
rElec   .          Harm     .    (no cloak)
rCorr   .          Rampage  .    (no gloves)
Will    .....                    (no boots)
Stlth   ..........               n - amulet of regeneration
HPRegen 1.19/turn                g - +4 ring of protection
MPRegen 0.19/turn                (no ring)

@: very slow
A: cold resistance 1
a: Renounce Religion, Draw Escape, Draw Destruction, Draw Summoning, Triple
Draw, Deal Four, Stack Five


You were on level 4 of the Lair of Beasts.
You worshipped Nemelex Xobeh.
Nemelex Xobeh was extremely pleased with you.
You visited 3 branches of the dungeon, and saw 16 of its levels.
You also visited: Ossuary.

You collected 1124 gold pieces.

Inventory:

Hand Weapons
 a - a +1 war axe of flaming (weapon)
Armour
 c - a +0 buckler (worn)
 x - a +3 chain mail (worn)
Jewellery
 g - a +4 ring of protection (left hand)
 n - an amulet of regeneration (around neck)
 D - a ring of positive energy
Wands
 d - a wand of digging (7)
 k - a wand of iceblast (13) (quivered)
 v - a wand of flame (26)
 B - a wand of charming (3)
 E - a wand of light (7)
Scrolls
 b - a scroll of amnesia
 h - 3 scrolls of fear
 j - 7 scrolls of teleportation
 o - 3 scrolls of brand weapon
 q - 5 scrolls of enchant armour
 t - 10 scrolls of identify
 u - 3 scrolls of magic mapping
 w - a scroll of blinking
 y - 2 scrolls of fog
 C - a scroll of silence {unknown}
Potions
 e - 2 potions of resistance
 f - 2 potions of cancellation
 i - 12 potions of curing
 l - a potion of might
 m - 3 potions of ambrosia
 p - 3 potions of heal wounds
 r - 2 potions of brilliance
 s - 2 potions of flight
 z - a potion of mutation
 A - a potion of haste


   Skills:
 + Level 10.9 Fighting
 + Level 11.6 Axes
 + Level 10.0 Armour
 + Level 7.0 Dodging
 + Level 10.0 Shields
 * Level 14.7 Invocations
 + Level 7.9 Evocations


You had 12 spell levels left.
You didn't know any spells.
Your spell library contained the following spells:

 Spells                   Type           Power      Damage    Failure   Level
 Apportation              Tloc           0%         N/A       97%         1
 Beastly Appendage        Tmut           0%         N/A       97%         1
 Foxfire                  Conj/Fire      0%         2x1d4     97%         1
 Slow                     Hex            0%         N/A       97%         1
 Blink                    Tloc           0%         N/A       99%         2
 Ensorcelled Hibernation  Hex/Ice        0%         N/A       99%         2
 Passwall                 Tmut/Erth      0%         N/A       99%         2
 Wereblood                Tmut           0%         N/A       99%         2
 Confusing Touch          Hex            0%         N/A       100%        3
 Ignite Poison            Fire/Tmut/Pois 0%         N/A       100%        3
 Spider Form              Tmut/Pois      0%         N/A       100%        3
 Stone Arrow              Conj/Erth      0%         3d7       100%        3
 Summon Guardian Golem    Hex/Summ       0%         N/A       100%        3
 Swiftness                Air            0%         N/A       100%        3
 Vampiric Draining        Necr           0%         2d6       100%        3
 Anguish                  Hex/Necr       0%         N/A       100%        4
 Animate Armour           Summ/Erth      0%         N/A       100%        4
 Manifold Assault         Tloc           0%         N/A       100%        4
 Sticky Flame             Conj/Fire      0%         2d3       100%        4
 Summon Ice Beast         Ice/Summ       0%         N/A       100%        4
 Alistair's Intoxication  Tmut/Pois      0%         N/A       100%        5
 Blade Hands              Tmut           0%         N/A       100%        5
 Fireball                 Conj/Fire      0%         3d3       100%        5
 Summon Mana Viper        Hex/Summ       0%         N/A       100%        5
 Iron Shot                Conj/Erth      0%         9d1       100%        6
 Starburst                Conj/Fire      0%         6d3       100%        6
 Malign Gateway           Summ/Tloc      0%         N/A       100%        7
 Monstrous Menagerie      Summ           0%         N/A       100%        7
 Orb of Destruction       Conj           0%         9d5       100%        7
 Spellforged Servitor     Conj/Summ      0%         N/A       100%        7
 Storm Form               Tmut/Air       0%         N/A       100%        7
 Ignition                 Fire           0%         3d3       100%        8
 Lehudib's Crystal Spear  Conj/Erth      0%         10d2      100%        8
 Summon Horrible Things   Summ           0%         N/A       100%        8


Dungeon Overview and Level Annotations

Branches:
Dungeon (11/15)            Temple (1/1) D:4            Lair (4/5) D:11
  Swamp (0/4) Lair:3       Spider (0/4) Lair:2        Slime (0/5) Lair:4
Ossuary (visited)
    Orc: D:9-12

Altars:
Ashenzari
Cheibriados
Dithmenos
Elyvilon
Fedhas
Gozag
Hepliaklqana
Kikubaaqudgha
Makhleb
Nemelex Xobeh
Okawaru
Qazlal
Ru
Sif Muna
Trog
Uskayaw
Vehumet
Wu Jian
Xom
Yredelemnul
Zin
The Shining One
Jiyva

Shops:
D:1 :   D:5 *   D:6 :   D:8 :

Annotations:
Lair:4 1 runed translucent door


Innate Abilities, Weirdness & Mutations

Your flesh is cold resistant. (rC+)


Message History

You are too injured to fight recklessly!
You are too injured to fight recklessly!
You are too injured to fight recklessly!
You are too injured to fight recklessly!
You are too injured to fight recklessly!
You are too injured to fight recklessly!
You are too injured to fight recklessly!
You are too injured to fight recklessly!
You are too injured to fight recklessly!
You are too injured to fight recklessly!
You are too injured to fight recklessly!
Unknown command.
Your unstable footing causes you to fumble your attack.
The swamp worm bites you.
* * * LOW HITPOINT WARNING * * *
The torpor snail bites you but does no damage.
The swamp worm bites you.
* * * LOW HITPOINT WARNING * * *
Unknown command.
Your unstable footing causes you to fumble your attack.
The swamp worm closely misses you. The torpor snail closely misses you.
The swamp worm bites you!
* * * LOW HITPOINT WARNING * * *
Unknown command.
You draw a card...
You have drawn the Storm.
A mighty gale blasts forth from the card!
The swamp worm is blown away by the wind.
The electrical discharge engulfs the torpor snail!!
You kill the torpor snail!
The electrical discharge engulfs the fungus!!
The fungus begins to die.
The fungus is lightly damaged.
The electrical discharge engulfs the fungus!!
The fungus is moderately damaged.
You hear violent peals of thunder!
You feel yourself speed up.
The swamp worm fires a harpoon shot at you.
The harpoon shot hits you!!
You die...
Your body glows with a rainbow of weird colours and disappears.

...# #~~
##~~...#.###..... ...# ~~
#~~ #~~~............ ..##
~ ##~~ ##≈~............
..## ##~~ ~)~~
#~~........#... ..P#
#~~≈##~~~##≈~............
..##
#~~~#~~[#~~~...###...#..
###
#~~~##~##~~....#.#.P#...
#
#..~≈~††≈~....P.........
# #.~~w~@~~..............
# #.~~~~~~...............
.#
#......................
##
###P................... #
##................... #
#..........>.....).. ..
#.............####.. ..
##......^..##..##P.## ..
#..........##........


You could see a swamp worm.

Vanquished Creatures
  Josephine (Lair:4)
  2 hydras (Lair:3)
  Erica (D:9)
  4 two-headed ogres
  A death knight (D:10)
  Sonja (Lair:4)
  Pikel (D:7)
  9 elephants (Lair:3)
  Maurice (D:8)
  2 black mambas (Lair:3)
  A torpor snail (Lair:4)
  A gargoyle (D:10)
  6 cane toads
  6 komodo dragons
  Psyche (D:8)
  A kobold demonologist (D:9)
  A troll (D:11)
  A meliai (shapeshifter) (D:11)
  A polar bear (Lair:4)
  Grinder (D:3)
  A hornet (D:11)
  10 blink frogs
  A shapeshifter (Lair:4)
  5 wyverns
  38 yaks
  4 basilisks
  A shadow (D:9)
  7 wraiths
  2 hogs (Lair:1)
  A human (Lair:1)
  3 steam dragons
  3 vampire mosquitoes (D:11)
  A warg (Lair:1)
  4 swamp worms
  12 water moccasins
  2 orc warriors
  2 black bears
  2 ice beasts
  A sky beast (D:7)
  A swamp drake (Lair:1)
  8 wolves
  5 centaurs
  A phantom (D:6)
  3 lemures (D:7)
  3 kobold brigands
  6 bullfrogs
  12 scorpions
  4 wights (D:10)
  7 killer bees (D:9)
  A howler monkey (D:7)
  3 electric eels (Lair:4)
  A centaur zombie (Ossuary)
  2 hounds (D:7)
  10 orc priests
  3 jellies
  2 gnoll boudas
  3 human zombies (Ossuary)
  4 scorpion zombies (Ossuary)
  7 iguanas
  8 orc wizards
  3 mummies (Ossuary)
  Robin (D:3)
  9 gnolls
  8 adders
  A white imp (D:5)
  3 ufetubi
  3 worms
  2 dart slugs
  31 orcs
  6 endoplasms
  4 giant cockroaches
  3 gnoll zombies (Ossuary)
  11 goblins
  10 hobgoblins
  11 jackals
  13 kobolds
  A quokka (D:1)
  4 ball pythons
  6 bats
  5 frilled lizards
  A goblin zombie (Ossuary)
  2 hobgoblin zombies (Ossuary)
  3 kobold zombies (Ossuary)
  2 orc zombies (Ossuary)
  3 rats
383 creatures vanquished.

Vanquished Creatures (collateral kills)
  2 wolf spiders (Lair:2)
  A tyrant leech (Lair:4)
  A jumping spider (Lair:2)
  A culicivora (Lair:2)
  2 vampires
  4 killer bees (D:9)
11 creatures vanquished.

Vanquished Creatures (others)
  A rime drake (Lair:1)
  A white imp (D:6)
  9 fungi
  22 plants
33 creatures vanquished.

Grand Total: 427 creatures vanquished

Notes
Turn   | Place    | Note
-------+----------+-------------------------------------------
     0 | D:1      | qeuew the Hill Orc Fighter began the quest for the Orb.
     0 | D:1      | Reached XP level 1. HP: 19/19 MP: 1/1
   215 | D:1      | Found Tenwyo's Vocational Training.
   234 | D:1      | Reached XP level 2. HP: 27/27 MP: 2/2
   579 | D:1      | Found a faded altar of an unknown god.
  1318 | D:2      | Reached XP level 3. HP: 33/33 MP: 3/3
  1835 | D:3      | Found an ancient bone altar of Kikubaaqudgha.
  1960 | D:3      | Noticed Robin
  1966 | D:3      | Reached skill level 1 in Dodging
  1973 | D:3      | Killed Robin
  1974 | D:3      | Reached XP level 4. HP: 12/40 MP: 1/4
  2171 | D:3      | Noticed Grinder
  2183 | D:3      | Paralysed by Grinder for 3 turns
  2189 | D:3      | Killed Grinder
  2190 | D:3      | Reached XP level 5. HP: 9/47 MP: 1/5
  2190 | D:3      | Reached XP level 6. HP: 11/55 MP: 1/6
  2912 | D:4      | Found a staircase to the Ecumenical Temple.
  2928 | Temple   | Entered the Ecumenical Temple
  2955 | Temple   | Became a worshipper of Nemelex Xobeh the Trickster
  3112 | D:4      | Reached skill level 5 in Fighting
  3171 | D:4      | Identified the +10 short sword "Oreuckituol" {venom, Int+3}
  3224 | D:4      | Reached skill level 1 in Invocations
  3237 | D:4      | Reached XP level 7. HP: 55/61 MP: 5/8
  3387 | D:4      | Found a sacrificial altar of Ru.
  3402 | D:4      | Reached skill level 2 in Invocations
  3849 | D:5      | Entered Level 5 of the Dungeon
  3958 | D:5      | Reached skill level 5 in Axes
  3960 | D:5      | Reached skill level 5 in Shields
  4081 | D:5      | Reached * piety under Nemelex Xobeh
  4122 | D:5      | Reached skill level 5 in Armour
  4122 | D:5      | Reached skill level 3 in Invocations
  4177 | D:5      | Found Vesm's Assorted Antiques.
  4530 | D:6      | Received a gift from Nemelex Xobeh
  4536 | D:6      | Found Jiovvima's Book Boutique.
  4549 | D:6      | Reached XP level 8. HP: 32/70 MP: 10/10
  4558 | D:6      | Reached skill level 4 in Invocations
  4566 | D:6      | Reached skill level 1 in Evocations
  4651 | D:6      | Found a burning altar of Makhleb.
  4980 | D:6      | Found a stormy altar of Qazlal.
  4980 | D:6      | Found a white marble altar of Elyvilon.
  5073 | D:6      | Reached ** piety under Nemelex Xobeh
  5073 | D:6      | Received a gift from Nemelex Xobeh
  5085 | D:6      | Reached skill level 5 in Invocations
  5153 | D:7      | Found a sand-covered staircase.
  5178 | Ossuary  | Entered an ossuary
  5248 | Ossuary  | Reached XP level 9. HP: 68/75 MP: 13/13
  5266 | Ossuary  | Reached skill level 6 in Invocations
  5453 | Ossuary  | Gained mutation: Your mind is acute. (Int +4, Str/Dex -1)
                  | [potion of mutation]
  5453 | Ossuary  | Gained mutation: You passively dampen the noise of your
                  | surroundings. [potion of mutation]
  5453 | Ossuary  | Gained mutation: You have a pair of small horns on your
                  | head. [potion of mutation]
  5573 | D:7      | Noticed Pikel
  5582 | D:7      | Killed Pikel
  5583 | D:7      | Reached skill level 7 in Invocations
  5600 | D:7      | Lost mutation: You have a pair of small horns on your head.
                  | [potion of mutation]
  5600 | D:7      | Lost mutation: Your mind is acute. (Int +4, Str/Dex -1)
                  | [potion of mutation]
  5600 | D:7      | Lost mutation: You passively dampen the noise of your
                  | surroundings. [potion of mutation]
  5600 | D:7      | Gained mutation: You possess an exceptional clarity of
                  | mind. [potion of mutation]
  5600 | D:7      | Gained mutation: Your body sometimes deteriorates upon
                  | taking damage. [potion of mutation]
  5600 | D:7      | Lost mutation: You possess an exceptional clarity of mind.
                  | [potion of mutation]
  5825 | D:7      | Reached XP level 10. HP: 86/86 MP: 15/15
  5829 | D:7      | Reached skill level 8 in Invocations
  6336 | D:8      | Noticed Maurice
  6353 | D:8      | Killed Maurice
  6356 | D:8      | Lost mutation: Your body sometimes deteriorates upon taking
                  | damage. [potion of mutation]
  6356 | D:8      | Gained mutation: You are dopey. (Int -2) [potion of
                  | mutation]
  6356 | D:8      | Gained mutation: Your flesh is cold resistant. (rC+)
                  | [potion of mutation]
  6356 | D:8      | Lost mutation: You are dopey. (Int -2) [potion of mutation]
  6697 | D:8      | Noticed a two-headed ogre
  6709 | D:8      | Killed a two-headed ogre
  6710 | D:8      | Reached skill level 9 in Invocations
  6781 | D:8      | Found Timimmy's Book Emporium.
  6813 | D:8      | Noticed Psyche
  6834 | D:8      | Killed Psyche
  7080 | D:9      | Found an opulent altar of Gozag.
  7129 | D:9      | Noticed a two-headed ogre
  7137 | D:9      | Killed a two-headed ogre
  7187 | D:9      | Found a basalt altar of Yredelemnul.
  7328 | D:9      | Reached *** piety under Nemelex Xobeh
  7437 | D:9      | Noticed Erica
  7568 | D:9      | Killed Erica
  7569 | D:9      | Reached skill level 10 in Invocations
  7569 | D:9      | Reached XP level 11. HP: 35/94 MP: 18/18
  7581 | D:9      | Reached skill level 5 in Dodging
  7590 | D:9      | Reached skill level 5 in Evocations
  7705 | D:9      | Found a shadowy altar of Dithmenos.
  7977 | D:10     | Entered Level 10 of the Dungeon
  8031 | D:10     | Noticed a two-headed ogre
  8044 | D:10     | Killed a two-headed ogre
  8118 | D:10     | Noticed a two-headed ogre
  8143 | D:10     | Noticed a death knight
  8383 | D:10     | Killed a death knight
  8384 | D:10     | Reached skill level 11 in Invocations
  8600 | D:10     | Received a gift from Nemelex Xobeh
  8786 | D:10     | a two-headed ogre changed into a swamp worm
  9367 | D:11     | Reached XP level 12. HP: 42/104 MP: 20/20
  9429 | D:11     | Found a staircase to the Lair.
  9570 | D:11     | Reached **** piety under Nemelex Xobeh
  9586 | D:11     | Received a gift from Nemelex Xobeh
  9610 | D:11     | Noticed a two-headed ogre
  9621 | D:11     | Killed a two-headed ogre
  9622 | D:11     | Reached skill level 12 in Invocations
 10084 | Lair:1   | Entered Level 1 of the Lair of Beasts
 10186 | Lair:1   | Received a gift from Nemelex Xobeh
 10251 | Lair:1   | Reached skill level 10 in Axes
 10570 | Lair:1   | Received a gift from Nemelex Xobeh
 10830 | Lair:1   | Reached ***** piety under Nemelex Xobeh
 11341 | Lair:2   | Received a gift from Nemelex Xobeh
 11632 | Lair:2   | Reached skill level 13 in Invocations
 11754 | Lair:2   | Found a hole to the Spider Nest.
 11777 | Lair:2   | Reached skill level 10 in Fighting
 12091 | Lair:3   | Reached XP level 13. HP: 55/113 MP: 23/23
 12199 | Lair:3   | Received a gift from Nemelex Xobeh
 12479 | Lair:3   | Found a staircase to the Swamp.
 12683 | Lair:3   | Reached skill level 14 in Invocations
 13395 | Lair:4   | Noticed Josephine
 13405 | Lair:4   | Killed Josephine
 13414 | Lair:4   | HP: 5/115 [wraith[Josephine] (9)]
 13629 | Lair:4   | Found a runed translucent door.
 13799 | Lair:4   | Found a viscous altar of Jiyva.
 13799 | Lair:4   | Found a staircase to the Slime Pits.
 13799 | Lair:4   | Noticed an acid blob
 13833 | Lair:4   | Reached skill level 10 in Shields
 13979 | Lair:4   | Reached skill level 10 in Armour
 14025 | Lair:4   | Noticed Sonja
 14027 | Lair:4   | Killed Sonja
 14074 | Lair:4   | Received a gift from Nemelex Xobeh
 14315 | Lair:4   | Killed from afar by a swamp worm

Illustrated notes

Levels and vault maps discovered:
D:1:      nzn_arrival_depleted_hourglass, layout_basic,
          dreamdust_ecumenical_altar_angels_and_demons, nicolae_shop_vocational
D:2:      layout_loops_ring, serial_aquarium, aquarium_bridge_square
          [aquarium_subvault_bridge, aquarium_subvault_bridge,
          aquarium_subvault_balcony, aquarium_subvault_wall],
          aquarium_bridge_long_joined [aquarium_subvault_bridge,
          aquarium_subvault_wall, aquarium_subvault_wall,
          aquarium_subvault_wall, aquarium_subvault_wall,
          aquarium_subvault_bridge], aquarium_window_fake,
          aquarium_window_corridor_3, aquarium_view_2d, aquarium_balcony_5b
D:3:      layout_basic, kiku_gazebo_pond_becter, kennysheep_generic_room_5,
          uniq_grinder, uniq_robin
D:4:      layout_basic, nicolae_ru_great_annihilating_truth,
          minmay_temple_entry_offerings
D:5:      layout_rooms, serial_shops, shop, mrwooster_statue_mirror
D:6:      layout_rooms, bloody_makhleb, nicolae_overflow_two_pavilions,
          serial_shops, nicolae_diamond_shop
D:7:      minmay_recursive_quarters, layout_basic, enter_ossuary_1, uniq_pikel
D:8:      layout_loops_ring, serial_shops, nicolae_take_the_stairs,
          nrook_mini_vaults, serial_bayou_pond_e, corexii_hall_statues_deadend,
          serial_park_tiny_pond, uniq_maurice, uniq_psyche
D:9:      layout_basic, grunt_dithmenos_shadows, lemuel_coloured_pillars_altar,
          marbit_many_paths, uniq_erica
D:10:     minmay_thick_lines, layout_small_grid
D:11:     layout_basic, minmay_lair_entry_grove
Temple:   nicolae_temple_ecumenical_triangle
Lair:1:   layout_cellular_growth, grunt_megastairs_5
Lair:2:   layout_regular_city, spider_nest_entry_funnel_web,
          chequers_serial_rivers_small_b
Lair:3:   layout_chaotic_city, palyth_hydra_swamp_entry,
          chequers_serial_rivers_room_a, infiniplex_staircase_pool_2,
          grunt_megastairs_3, lemuel_fruit_fields
Lair:4:   statuecave_lemuel, layout_gridlike, slime_entry_2, worms_lemuel,
          serial_bayou_shore_a, serial_bayou_shore_b, uniq_josephine, uniq_sonja

Skill      XL: |  1  2  3  4  5  6  7  8  9 10 11 12 13 |
---------------+----------------------------------------+-----
Axes           | 3 4 5 6 7 8 9 10 11 | 11.6
Fighting       | 4 5 6 7 8 9 10 | 10.9
Dodging        | 1 2 3 4 5 6 7 |  7.0
Armour         | 4 5 6 7 8 9 10 | 10.0
Shields        | 4 5 6 7 8 9 10 | 10.0
Invocations    | 1 3 5 7 10 11 13 14 | 14.7
Evocations     | 2 3 4 5 7 |  7.9

Action                   |  1- 3 |  4- 6 |  7- 9 | 10-12 | 13-15 || total
-------------------------+-------+-------+-------+-------+-------++-------
Melee: War axe           |    98 |    68 |   275 |   637 |   316 ||  1394
       Headbutt          |       |       |     3 |       |       ||     3
       Unarmed           |       |       |       |    10 |       ||    10
Invok: Draw Destruction  |       |       |     1 |    16 |     4 ||    21
       Draw Summoning    |       |       |       |     8 |     1 ||     9
       Draw Escape       |       |       |       |     1 |       ||     1
       Deal Four         |       |       |       |       |     1 ||     1
Evoke: Wand              |       |       |       |     1 |       ||     1
  Use: Potion            |     4 |     1 |     4 |     7 |     2 ||    18
       Scroll            |     9 |     1 |     5 |     7 |       ||    22
 Stab: Paralysed         |       |       |     1 |       |       ||     1
       Invisible         |       |       |       |     1 |       ||     1
       Confused          |       |       |       |     1 |       ||     1
Armor: Scale mail        |    46 |    25 |   168 |   143 |       ||   382
       Skin              |       |       |       |     1 |       ||     1
       Chain mail        |       |       |       |   232 |   196 ||   428
Dodge: Dodged            |    45 |    32 |   167 |   365 |   160 ||   769
Block: Buckler           |    13 |    17 |    74 |   208 |   112 ||   424

Table legend: (Time is in decaauts)
 A = Elapsed time spent in this place.
 B = Non-inter-level travel time spent in this place.
 C = Inter-level travel time spent in this place.
 D = Time resting spent in this place.
 E = Time spent auto-exploring this place.
 F = Levels seen in this place.
 G = Mean time per level.
                   A        B        C        D        E       F      G
               +--------+--------+--------+--------+--------+-----+--------+
         Total |  14561 |  14056 |    505 |      0 |  11188 |  17 |  856.5 |
       Dungeon |   9872 |   9459 |    413 |      0 |   7638 |  11 |  897.5 |
        Temple |     44 |     28 |     16 |      0 |     18 |   1 |   44.0 |
          Lair |   4268 |   4193 |     75 |      0 |   3381 |   4 | 1067.0 |
       Ossuary |    376 |    376 |      0 |      0 |    150 |   1 |  376.0 |
               +--------+--------+--------+--------+--------+-----+--------+

Top non-repeatable levels by time:
    D:10: 1265 daAuts
  Lair:3: 1260 daAuts
     D:3: 1216 daAuts
  Lair:2: 1115 daAuts
     D:9: 1057 daAuts
  Lair:4: 1052 daAuts
     D:2: 953 daAuts
     D:4: 916 daAuts
  Lair:1: 839 daAuts
     D:1: 807 daAuts
    D:11: 805 daAuts
     D:7: 780 daAuts
     D:8: 759 daAuts
     D:6: 684 daAuts
     D:5: 625 daAuts
